SAA
TACOMA FUR TRADERS @ LANCASTER FARMERS
09/16/2028
 
TOP OF THE 1ST
Tacoma Fur Traders batting - Pitching for Lancaster Farmers : RHP Santo Velazco
Pitching: RHP Santo Velazco
Batting: RHB Trevor O'Herlihy 0-0: Fly out, F4 (Popup, 3D)
Batting: LHB Ryan Marken 0-0: Ground out 3-1 (Groundball, 34S)
Batting: RHB Ken Bone 0-0: Ball
1-0: Foul Ball, location: 2F
1-1: Swinging Strike
1-2: Ball
2-2: Strikes out looking
Top of the 1st over - 0 run(s), 0 hit(s), 0 error(s), 0 left on base; Tacoma 0 - Lancaster 0
BOTTOM OF THE 1ST
Lancaster Farmers batting - Pitching for Tacoma Fur Traders : RHP Baruc Garibay
Pitching: RHP Baruc Garibay
Batting: RHB Roberto Camacho 0-0: Ball
1-0: Foul Ball, location: 2F
1-1: Called Strike
1-2: Fly out, F9 (Line Drive, 9)
Batting: RHB Alejandro Garza 0-0: Ball
1-0: Called Strike
1-1: Fly out, F9 (Flyball, 9)
Batting: SHB Janghyun Sam 0-0: Ball
1-0: Called Strike
1-1: Ball
2-1: Foul Ball, location: 2F
2-2: Ball
3-2: Base on Balls
Batting: SHB Javier Vega 0-0: Reached on error, E4 (Groundball, 34)
Janghyun Sam to second
Batting: LHB Carlos Germán 0-0: Called Strike
0-1: Swinging Strike
0-2: Strikes out swinging
Bottom of the 1st over - 0 run(s), 0 hit(s), 1 error(s), 2 left on base; Tacoma 0 - Lancaster 0
TOP OF THE 2ND
Tacoma Fur Traders batting - Pitching for Lancaster Farmers : RHP Santo Velazco
Batting: RHB Gustavo González 0-0: Ball
1-0: Ball
2-0: Ball
3-0: Called Strike
3-1: Base on Balls
Batting: SHB Carlos Alicea 0-0: Ball
1-0: Ball
2-0: Ball
Wild Pitch!
Gustavo González to second
3-0: Called Strike
3-1: Base on Balls
Batting: RHB Nick Boyd 0-0: Ball
1-0: Ball
2-0: Called Strike
2-1: Foul Ball, location: 2F
2-2: Ball
3-2: Grounds into double play, 6-4-3 (Groundball, 6)
Gustavo González to third
Batting: SHB Dave Gant 0-0: Swinging Strike
0-1: Swinging Strike
0-2: Strikes out swinging
Top of the 2nd over - 0 run(s), 0 hit(s), 0 error(s), 1 left on base; Tacoma 0 - Lancaster 0
BOTTOM OF THE 2ND
Lancaster Farmers batting - Pitching for Tacoma Fur Traders : RHP Baruc Garibay
Batting: RHB Danijel van Aalten 0-0: Called Strike
0-1: Foul Ball, location: 2F
0-2: Strikes out swinging
Batting: LHB Pancho Farías 0-0: SOLO HOME RUN (Flyball, 9D), Distance : 397 ft
Batting: RHB António Gonzáles 0-0: Ball
1-0: Called Strike
1-1: Ball
2-1: Foul Ball, location: 2F
2-2: Foul Ball, location: 2F
2-2: Ball
3-2: Ground out 6-3 (Groundball, 6)
Batting: LHB Mark Armstead 0-0: Ball
1-0: Foul Ball, location: 2F
1-1: Ball
2-1: Foul Ball, location: 2F
2-2: Foul Ball, location: 2F
2-2: Foul Ball, location: 2F
2-2: Foul Ball, location: 2F
2-2: Foul Ball, location: 2F
2-2: Strikes out swinging
Bottom of the 2nd over - 1 run(s), 1 hit(s), 0 error(s), 0 left on base; Tacoma 0 - Lancaster 1
TOP OF THE 3RD
Tacoma Fur Traders batting - Pitching for Lancaster Farmers : RHP Santo Velazco
Batting: RHB Carlos Correa 0-0: Foul Ball, location: 2F
0-1: Called Strike
0-2: Strikes out swinging
Batting: RHB Roberto Aguirre 0-0: Ball
1-0: Foul Ball, location: 2F
1-1: Ball
2-1: Foul Ball, location: 2F
2-2: Strikes out swinging
Batting: RHB Trevor O'Herlihy 0-0: Foul Ball, location: 2F
0-1: Ball
1-1: Swinging Strike
1-2: SOLO HOME RUN (Flyball, 78XD), Distance : 438 ft
Batting: LHB Ryan Marken 0-0: Called Strike
0-1: Ball
1-1: Called Strike
1-2: Ball
2-2: Ball
3-2: Base on Balls
Batting: RHB Ken Bone 0-0: Ball
1-0: Foul Ball, location: 2F
1-1: Ball
2-1: Foul Ball, location: 2F
2-2: Fly out, F7 (Flyball, 7)
Top of the 3rd over - 1 run(s), 1 hit(s), 0 error(s), 1 left on base; Tacoma 1 - Lancaster 1
BOTTOM OF THE 3RD
Lancaster Farmers batting - Pitching for Tacoma Fur Traders : RHP Baruc Garibay
Batting: RHB Roberto Camacho 0-0: Ball
1-0: Ball
2-0: Called Strike
2-1: Called Strike
2-2: Ground out 6-3 (Groundball, 6M)
Batting: RHB Alejandro Garza 0-0: Called Strike
0-1: Ball
1-1: Foul Ball, location: 2F
1-2: Strikes out swinging
Batting: SHB Janghyun Sam 0-0: Ball
1-0: Called Strike
1-1: Ground out 4-3 (Groundball, 4)
Bottom of the 3rd over - 0 run(s), 0 hit(s), 0 error(s), 0 left on base; Tacoma 1 - Lancaster 1
TOP OF THE 4TH
Tacoma Fur Traders batting - Pitching for Lancaster Farmers : RHP Santo Velazco
Batting: RHB Gustavo González 0-0: Swinging Strike
0-1: Ball
1-1: Foul Ball, location: 2F
1-2: Ball
2-2: Foul Ball, location: 2F
2-2: Fly out, F9 (Flyball, 9D)
Batting: SHB Carlos Alicea 0-0: Ground out 4-3 (Groundball, 4)
Batting: RHB Nick Boyd 0-0: Called Strike
0-1: Foul Ball, location: 2F
0-2: Foul Ball, location: 2F
0-2: Ball
1-2: Ball
2-2: Foul Ball, location: 2F
2-2: Fly out, F9 (Flyball, 89S)
Top of the 4th over - 0 run(s), 0 hit(s), 0 error(s), 0 left on base; Tacoma 1 - Lancaster 1
BOTTOM OF THE 4TH
Lancaster Farmers batting - Pitching for Tacoma Fur Traders : RHP Baruc Garibay
Batting: SHB Javier Vega 0-0: Called Strike
0-1: Fly out, F7 (Flyball, 7D)
Batting: LHB Carlos Germán 0-0: Ball
1-0: Foul Ball, location: 2F
1-1: Ball
2-1: Fly out, F7 (Line Drive, 78M)
Batting: RHB Danijel van Aalten 0-0: Foul Ball, location: 2F
0-1: DOUBLE (Line Drive, 89D)
Batting: LHB Pancho Farías 0-0: Ball
1-0: Ball
2-0: Foul Ball, location: 2F
2-1: Swinging Strike
2-2: Ball
3-2: Strikes out swinging
Bottom of the 4th over - 0 run(s), 1 hit(s), 0 error(s), 1 left on base; Tacoma 1 - Lancaster 1
TOP OF THE 5TH
Tacoma Fur Traders batting - Pitching for Lancaster Farmers : RHP Santo Velazco
Batting: SHB Dave Gant 0-0: Ball
1-0: Called Strike
1-1: Ball
2-1: Bunt for hit - play at first, batter OUT! 5-3
Batting: RHB Carlos Correa 0-0: Ball
1-0: Called Strike
1-1: Foul Ball, location: 2F
1-2: Ball
2-2: Ground out 6-3 (Groundball, 6M)
Batting: RHB Roberto Aguirre 0-0: Ball
1-0: Called Strike
1-1: Ground out 4-3 (Groundball, 4M)
Top of the 5th over - 0 run(s), 0 hit(s), 0 error(s), 0 left on base; Tacoma 1 - Lancaster 1
BOTTOM OF THE 5TH
Lancaster Farmers batting - Pitching for Tacoma Fur Traders : RHP Baruc Garibay
Batting: RHB António Gonzáles 0-0: Swinging Strike
0-1: Ball
1-1: Ground out 6-3 (Groundball, 6D)
Batting: LHB Mark Armstead 0-0: Ball
1-0: Foul Ball, location: 2F
1-1: DOUBLE (Line Drive, 78XD)
Batting: RHB Roberto Camacho 0-0: Ball
1-0: Ball
2-0: Foul Ball, location: 2F
2-1: Ball
3-1: Ground out 5-3 (Groundball, 56S)
Mark Armstead to third
Batting: RHB Alejandro Garza 0-0: Ball
1-0: Swinging Strike
1-1: Ball
2-1: Swinging Strike
2-2: Foul Ball, location: 2F
2-2: Ball
3-2: Strikes out swinging
Bottom of the 5th over - 0 run(s), 1 hit(s), 0 error(s), 1 left on base; Tacoma 1 - Lancaster 1
TOP OF THE 6TH
Tacoma Fur Traders batting - Pitching for Lancaster Farmers : RHP Santo Velazco
Batting: RHB Trevor O'Herlihy 0-0: Ball
1-0: Swinging Strike
1-1: SINGLE (Groundball, 56D)
Batting: LHB Ryan Marken 0-0: Bunted foul
0-1: Sac Bunt - play at first, batter OUT! 2-4
Trevor O'Herlihy to second
Batting: RHB Ken Bone 0-0: Called Strike
0-1: Ball
1-1: Called Strike
1-2: SINGLE (Line Drive, 8RS)
Trevor O'Herlihy to third
Batting: RHB Gustavo González 0-0: Fly out, F9 (Flyball, 9S)
Batting: SHB Carlos Alicea 0-0: Ball
1-0: Ground out 6-3 (Groundball, 6M)
Top of the 6th over - 0 run(s), 2 hit(s), 0 error(s), 2 left on base; Tacoma 1 - Lancaster 1
BOTTOM OF THE 6TH
Lancaster Farmers batting - Pitching for Tacoma Fur Traders : RHP Baruc Garibay
Batting: SHB Janghyun Sam 0-0: SINGLE (Line Drive, 6D)
Batting: SHB Javier Vega 0-0: Ball
1-0: Grounds into double play, 4-3-6 (Groundball, 34)
Batting: LHB Carlos Germán 0-0: Fly out, F3 (Line Drive, 3)
Bottom of the 6th over - 0 run(s), 1 hit(s), 0 error(s), 0 left on base; Tacoma 1 - Lancaster 1
TOP OF THE 7TH
Tacoma Fur Traders batting - Pitching for Lancaster Farmers : RHP Santo Velazco
Batting: RHB Nick Boyd 0-0: Ball
1-0: Called Strike
1-1: Ball
2-1: Foul Ball, location: 2F
2-2: Ball
3-2: Foul Ball, location: 2F
3-2: Base on Balls
Pitching: RHP Seishiro Sato
Batting: SHB Dave Gant 0-0: Ball
1-0: Sac Bunt - play at first, batter OUT! 1-4
Nick Boyd to second
Pinch Hitting: RHB Luis Flores 0-0: Ball
1-0: Ball
2-0: Swinging Strike
2-1: Reached on error, E6 (Groundball, 6M)
Nick Boyd to third
Batting: RHB Roberto Aguirre 0-0: Ball
1-0: Swinging Strike
1-1: Ball
2-1: Foul Ball, location: 2F
2-2: Ground out 5-3 (Groundball, 56S)
Luis Flores to second
Batting: RHB Trevor O'Herlihy 0-0: Ball
1-0: SINGLE (Groundball, 56D)
Nick Boyd scores
Luis Flores to third
Runner from 3rd tries for Home, SAFE, no throw
Batting: LHB Ryan Marken 0-0: Ball
1-0: Ground out U3 (Groundball, 3S)
Top of the 7th over - 2 run(s), 1 hit(s), 1 error(s), 1 left on base; Tacoma 3 - Lancaster 1
BOTTOM OF THE 7TH
Lancaster Farmers batting - Pitching for Tacoma Fur Traders : RHP Baruc Garibay
Now at SS: Luis Flores
Batting: RHB Danijel van Aalten 0-0: Called Strike
0-1: Foul Ball, location: 2F
0-2: Ground out 5-3 (Groundball, 5S)
Batting: LHB Pancho Farías 0-0: Fly out, F9 (Flyball, 9S)
Batting: RHB António Gonzáles 0-0: Ball
1-0: DOUBLE (Flyball, 78D)
Batting: LHB Mark Armstead 0-0: Called Strike
0-1: Ball
1-1: Foul Ball, location: 2F
1-2: Fly out, F5 (Line Drive, 56)
Bottom of the 7th over - 0 run(s), 1 hit(s), 0 error(s), 1 left on base; Tacoma 3 - Lancaster 1
TOP OF THE 8TH
Tacoma Fur Traders batting - Pitching for Lancaster Farmers : RHP Seishiro Sato
Batting: RHB Ken Bone 0-0: Foul Ball, location: 2F
0-1: Swinging Strike
0-2: Foul Ball, location: 2F
0-2: Ball
1-2: Foul Ball, location: 2F
1-2: SINGLE (Groundball, 4MD)
Batting: RHB Gustavo González 0-0: Ball
1-0: Ball
2-0: Ball
3-0: Base on Balls
Ken Bone to second
Batting: SHB Carlos Alicea 0-0: Fly out, F9 (Flyball, 9)
Batting: RHB Nick Boyd 0-0: Foul Ball, location: 2F
0-1: Foul Ball, location: 2F
0-2: Fly out, F4 (Popup, 4D)
Batting: SHB Dave Gant 0-0: Ball
1-0: Foul Ball, location: 2F
1-1: SINGLE (Flyball, 7S)
Ken Bone to third
Gustavo González to second
Runner from 3rd tries for Home, throw and OUT!
Top of the 8th over - 0 run(s), 2 hit(s), 0 error(s), 2 left on base; Tacoma 3 - Lancaster 1
BOTTOM OF THE 8TH
Lancaster Farmers batting - Pitching for Tacoma Fur Traders : RHP Baruc Garibay
Batting: RHB Roberto Camacho 0-0: Ball
1-0: Ball
2-0: Called Strike
2-1: Fly out, F7 (Flyball, 78S)
Batting: RHB Alejandro Garza 0-0: Called Strike
0-1: Ball
1-1: Foul Ball, location: 2F
1-2: Ball
2-2: Ball
3-2: Strikes out swinging
Batting: SHB Janghyun Sam 0-0: Foul Ball, location: 2F
0-1: Ball
1-1: SINGLE (Flyball, 8LM)
Pitching: RHP Justin Barber
Batting: SHB Javier Vega 0-0: SINGLE (Line Drive, 8RS)
Janghyun Sam to second
Pitching: LHP Arnold Safi
Pinch Hitting: SHB Alfredo Sánchez 0-0: Ball
1-0: Ball
2-0: Called Strike
2-1: Ball
3-1: Called Strike
3-2: Foul Ball, location: 2F
3-2: Base on Balls
Janghyun Sam to third
Javier Vega to second
Pitching: RHP Inocencio Galló
Pinch Hitting: LHB Gilberto Jiménez 0-0: Ball
1-0: Foul Ball, location: 2F
1-1: Ball
2-1: Ball
3-1: Base on Balls
Janghyun Sam scores
Javier Vega to third
Alfredo Sánchez to second
Pitching: LHP Luis Ruíz
Pinch Hitting: RHB Edgardo Castro 0-0: Called Strike
0-1: Ball
1-1: Swinging Strike
1-2: DOUBLE (Line Drive, 78M)
Javier Vega scores
Alfredo Sánchez scores
Gilberto Jiménez to third
Runner from 3rd tries for Home, throw and OUT!
Bottom of the 8th over - 3 run(s), 3 hit(s), 0 error(s), 1 left on base; Tacoma 3 - Lancaster 4
TOP OF THE 9TH
Tacoma Fur Traders batting - Pitching for Lancaster Farmers : RHP Seishiro Sato
Pitching: RHP Raúl Nieto
Now at 2B: Diego Méndez
Now in CF: Robert La Caze
Now in RF: Edgardo Castro
Batting: RHB Luis Flores 0-0: Swinging Strike
0-1: Ball
1-1: Called Strike
1-2: Ball
2-2: Reached on error, E4 (Popup, 4)
Batting: RHB Roberto Aguirre 0-0: Ball
1-0: Bunted foul
1-1: Bunted foul
1-2: Ball
2-2: Fielders Choice at 2nd, 1-6 (Groundball, 13)
Batting: RHB Trevor O'Herlihy 0-0: Called Strike
0-1: Ball
1-1: Fly out, F9 (Flyball, 9)
Batting: LHB Ryan Marken 0-0: Ball
1-0: Swinging Strike
1-1: Ball
2-1: SINGLE (Groundball, 34D)
Roberto Aguirre to second
Runner from 2nd tries for 3rd, SAFE, no throw
Batting: RHB Ken Bone 0-0: Ball
1-0: Ball
2-0: SINGLE (Groundball, 6MD)
Roberto Aguirre scores
Ryan Marken to second
Batting: RHB Gustavo González 0-0: Ball
1-0: Swinging Strike
1-1: Fly out, F8 (Line Drive, 8LD)
Top of the 9th over - 1 run(s), 2 hit(s), 1 error(s), 2 left on base; Tacoma 4 - Lancaster 4
BOTTOM OF THE 9TH
Lancaster Farmers batting - Pitching for Tacoma Fur Traders : LHP Luis Ruíz
Batting: RHB António Gonzáles 0-0: Ball
1-0: SINGLE (Flyball, 8RS)
Pinch Runner at 1st Sven Spee:
Batting: LHB Mark Armstead 0-0: Ball
Sven Spee steals 2nd base
1-0: Swinging Strike
1-1: Ball
Wild Pitch!
Sven Spee to third
2-1: Swinging Strike
2-2: Strikes out looking
Batting: RHB Roberto Camacho 0-0: Intentional Walk
Batting: RHB Alejandro Garza 0-0: Called Strike
0-1: Called Strike
0-2: Ball
1-2: Fly out, F5 (Popup, 56)
Batting: SHB Janghyun Sam 0-0: Ball
1-0: Ball
2-0: Called Strike
2-1: Ball
3-1: Ground out 5-3 (Groundball, 56)
Bottom of the 9th over - 0 run(s), 1 hit(s), 0 error(s), 2 left on base; Tacoma 4 - Lancaster 4
TOP OF THE 10TH
Tacoma Fur Traders batting - Pitching for Lancaster Farmers : RHP Raúl Nieto
Now at C: Tullu Amaad
Batting: SHB Carlos Alicea 0-0: Swinging Strike
0-1: Ball
1-1: Ball
2-1: Fly out, F7 (Flyball, 7S)
Batting: RHB Nick Boyd 0-0: Foul Ball, location: 2F
0-1: Called Strike
0-2: Fly out, F8 (Line Drive, 8LM)
Batting: SHB Dave Gant 0-0: Ball
1-0: Ball
2-0: Swinging Strike
2-1: Ground out 4-3 (Groundball, 4)
Top of the 10th over - 0 run(s), 0 hit(s), 0 error(s), 0 left on base; Tacoma 4 - Lancaster 4
BOTTOM OF THE 10TH
Lancaster Farmers batting - Pitching for Tacoma Fur Traders : LHP Luis Ruíz
Batting: SHB Javier Vega 0-0: Ball
1-0: Foul Ball, location: 2F
1-1: Foul Ball, location: 2F
1-2: Ground out 5-3 (Groundball, 56S)
Batting: SHB Robert La Caze 0-0: Fly out, F8 (Line Drive, 8LM)
Pinch Hitting: RHB Cosmo Castanhedo 0-0: Ground out 4-3 (Groundball, 4M)
Bottom of the 10th over - 0 run(s), 0 hit(s), 0 error(s), 0 left on base; Tacoma 4 - Lancaster 4
TOP OF THE 11TH
Tacoma Fur Traders batting - Pitching for Lancaster Farmers : RHP Raúl Nieto
Pitching: RHP Bert Gean
Now at SS: Cosmo Castanhedo
Batting: RHB Luis Flores 0-0: Foul Ball, location: 2F
0-1: Ball
1-1: Swinging Strike
1-2: Strikes out swinging
Batting: RHB Roberto Aguirre 0-0: Foul Ball, location: 2F
0-1: Ball
1-1: Ball
2-1: Foul Ball, location: 2F
2-2: Fly out, F8 (Flyball, 8LD)
Batting: RHB Trevor O'Herlihy 0-0: Foul Ball, location: 2F
0-1: Ball
1-1: Fly out, F4 (Line Drive, 4M)
Top of the 11th over - 0 run(s), 0 hit(s), 0 error(s), 0 left on base; Tacoma 4 - Lancaster 4
BOTTOM OF THE 11TH
Lancaster Farmers batting - Pitching for Tacoma Fur Traders : LHP Luis Ruíz
Batting: RHB Edgardo Castro 0-0: Called Strike
0-1: Ball
1-1: Ball
2-1: SINGLE (Line Drive, 34)
Batting: LHB Tullu Amaad 0-0: Sac Bunt - play at first, batter OUT! 1-4
Edgardo Castro to second
Batting: LHB Mark Armstead 0-0: Ball
1-0: Called Strike
1-1: Ball
2-1: SINGLE (Groundball, 4MD)
Edgardo Castro to third
Runner from 3rd tries for Home, SAFE, no throw
Wednesday, September 6th, 2017 - OOTP Baseball 17.12 Build 75